 Dungeon Crawl Stone Soup version 0.20-a0 (webtiles) character file.

105 varam the Ruffian (level 4, 44/44 HPs)
             Began as a Troll Monk on Oct 27, 2016.
             Quit the game on level 3 of the Dungeon.
             The game lasted 00:03:05 (1852 turns).

varam the Ruffian (Troll Monk)                      Turns: 1852, Time: 00:03:06

Health: 44/44      AC:  5    Str: 19    XL:     4   Next: 54%
Magic:  0/3        EV:  9    Int:  6    God:
Gold:   126        SH:  0    Dex: 13    Spells: 0 memorised, 3 levels left

rFire  . . .     SeeInvis .       - Unarmed
rCold  . . .     Gourm    +     a - +0 robe
rNeg   . . .     Faith    .     (no shield)
rPois  .         Spirit   +     (helmet restricted)
rElec  .         Reflect  .     (no cloak)
rCorr  .         Harm     .     (gloves unavailable)
MR     .....                    (boots unavailable)
Stlth  +.........               s - amulet of guardian spirit
                                (no ring)
                                (no ring)

@: heavily drained
A: unfitting armour, claws 3, fast metabolism 3, gourmand, regeneration 1,
shaggy fur 1, tough skin 2
a: no special abilities


You were on level 3 of the Dungeon.
You were completely stuffed.

You visited 1 branch of the dungeon, and saw 3 of its levels.

You collected 126 gold pieces.

Inventory:

Missiles
 e - 61 stones (quivered)
Armour
 a - a +0 robe (worn)
Jewellery
 f - an uncursed amulet of magic regeneration
 q - an uncursed amulet of harm
 r - an uncursed ring of positive energy {unknown}
 s - an amulet of guardian spirit (around neck)
Scrolls
 c - a scroll of remove curse {unknown}
 g - a scroll of random uselessness {unknown}
 h - a scroll of blinking {unknown}
 j - 2 scrolls of amnesia {unknown}
 l - a scroll of teleportation {unknown}
 m - a scroll of noise {unknown}
 o - 4 scrolls of identify {unknown}
 p - a scroll of fear {unknown}
 t - a scroll of recharging {unknown}
Potions
 k - a potion of haste {unknown}
 n - a potion of flight {unknown}
Comestibles
 b - 5 bread rations
 d - a royal jelly
 i - a slice of pizza


   Skills:
 - Level 2.4(0.7) Fighting
 - Level 2.4(0.7) Dodging
 - Level 1.0(0.0) Stealth
 + Level 5.4(3.6) Unarmed Combat


You had 3 spell levels left.
You didn't know any spells.

Dungeon Overview and Level Annotations

Branches:
Dungeon (3/15)

Altars:


Innate Abilities, Weirdness & Mutations

You are too large for most types of armour.
You have claws for hands.
Your metabolism is lightning-fast.
You like to eat raw meat.
Your natural rate of healing is unusually fast.
You are covered in fur. (AC +1)
You have very tough skin. (AC +2)


Message History

s - a thick amethyst amulet The goblin hits you with a club.
You claw the goblin!
You kill the goblin!
No target in view!
No target in view!
Put on which piece of jewellery? (? for menu, Esc to quit)
The amulet hums as it attunes itself to your energized body.
f - an amulet of magic regeneration (around neck) Put on which piece of jewellery? (? for menu, Esc to quit)
You remove your amulet of magic regeneration.
q - an amulet of harm (around neck) Put on which piece of jewellery? (? for menu, Esc to quit)
Really remove
q - an amulet of harm?
You remove your amulet of harm.
The amulet drains your life force as you remove it!
You feel drained.
You feel your power drawn to a protective spirit.
s - an amulet of guardian spirit (around neck) Are you sure you want to abandon this character and quit the game? (Confirm with "yes".)

..#.#
..............#
..#.#
..............#
..#.#
..............#
..#.#
#####.........#
.##..
............# .#
....####+#.#####
.#
...)#..........#
.# ...
#..........# .#
.. #..)@......#
.#
.................
.#
########..#######
.# #..# .## ##.#
..# #># ### #.#
.# .# .#


There were no monsters in sight!

Vanquished Creatures
  Natasha (D:3)
  A gnoll (D:1)
  An adder (D:2)
  A worm (D:2)
  4 dart slugs
  A leopard gecko (D:3)
  2 giant cockroaches (D:1)
  8 goblins
  9 hobgoblins
  5 kobolds
  9 bats
  A frilled lizard (D:3)
  4 rats
47 creatures vanquished.

Notes
Turn   | Place    | Note
-------+----------+-------------------------------------------
     0 | D:1      | varam the Troll Monk began the quest for the Orb.
     0 | D:1      | Reached XP level 1. HP: 22/22 MP: 0/0
    18 | D:1      | Reached XP level 2. HP: 25/29 MP: 1/1
   162 | D:1      | Reached skill level 4 in Unarmed Combat
   308 | D:1      | Reached XP level 3. HP: 36/36 MP: 2/2
  1311 | D:2      | Reached XP level 4. HP: 44/44 MP: 3/3
  1390 | D:2      | Reached skill level 5 in Unarmed Combat
  1820 | D:3      | Noticed Natasha
  1836 | D:3      | Killed Natasha
  1852 | D:3      | Quit the game

Vault maps used:
D:1:      minmay_arrival_jagged
D:3:      first_bread, uniq_natasha

Skill      XL: |  1  2  3  4 |
---------------+-------------+-----
Unarmed Combat | 4 5 |  5.4
Fighting       | |  2.4
Dodging        | |  2.4
Stealth        | |  1.0

Action                   |  1- 3 |  4- 6 || total
-------------------------+-------+-------++-------
Melee: Unarmed           |    80 |    34 ||   114
       Punch             |     3 |       ||     3
 Stab: Sleeping          |     2 |       ||     2
  Eat: Chunk             |    15 |     7 ||    22
Armor: Robe              |    32 |    10 ||    42
Dodge: Dodged            |    56 |    13 ||    69
